 Dungeon Crawl Stone Soup version 0.30-b1-2-g02819fbbbe (webtiles) character file.

Game seed: 12159900786226981360

55279 raph the Impaler (level 14, -4/118 (127) HPs)
             Began as a Minotaur Fighter on May 7, 2023.
             Was a High Priest of Okawaru.
             Killed from afar by an orc sorcerer (31 damage)
             ... with a bolt of negative energy
             ... on level 2 of the Orcish Mines.
             The game lasted 00:31:07 (21260 turns).

raph the Impaler (Minotaur Fighter)                Turns: 21260, Time: 00:31:07

HP:   -4/118 (127)  AC: 22    Str: 22    XL:     14   Next: 37%
MP:   19/19         EV: 10    Int:  5    God:    Okawaru [*****.]
Gold: 1233          SH: 16    Dex: 14    Spells: 13/13 levels left

rFire   + . .        a - +2 demon trident (freeze)
rCold   + + .        q - +0 kite shield
rNeg    . . .        W - +1 plate armour {rC+}
rPois   .            (helmet restricted)
rElec   .            f - +1 cloak
rCorr   .            c - +0 pair of gloves
SInv    .            B - +1 pair of boots
Will    +....        T - amulet of reflection
Stlth   x              - ring of protection from fire
HPRegen 0.39/turn    E - ring of protection from cold
MPRegen 0.16/turn

%: reflection
@: lethally poisoned (-4 -> -16), drained
A: horns 2, retaliatory headbutt
a: Renounce Religion, Heroism, Finesse, Duel


You were on level 2 of the Orcish Mines.
You worshipped Okawaru.
Okawaru was extremely pleased with you.
You visited 4 branches of the dungeon, and saw 21 of its levels.
You visited 1 bazaar.
You also visited: Ice Cave.

You collected 1884 gold pieces.
You spent 651 gold pieces at shops.

Inventory:

Hand Weapons
 a - a +2 demon trident of freezing (weapon)
 o - a +2 demon trident of chaos
Missiles
 i - 14 poisoned darts
 u - 8 atropa-tipped darts
 H - 2 javelins
 L - 10 boomerangs
 P - 10 curare-tipped darts
 R - 2 silver boomerangs (quivered)
Armour
 c - a +0 pair of gloves (worn)
 f - a +1 cloak (worn)
 q - a +0 kite shield (worn)
 B - a +1 pair of boots (worn)
 K - the +2 cloak of Uzexysel {*Slow rF+++ rN++}
   (Okawaru gifted it to you on level 4 of the Lair of Beasts)

   rF:        It renders you almost immune to fire.
   rN:        It greatly protects you from negative energy.
   *Slow:     It may slow you when you take damage.
 W - a +1 plate armour of cold resistance (worn)
Jewellery
 e - a ring of flight
 x - a ring of protection from fire (left hand)
 y - a +6 ring of strength
 D - a ring of protection from fire
 E - a ring of protection from cold (right hand)
 T - an amulet of reflection (around neck)
 X - a ring of resist corrosion
Wands
 b - a wand of digging (4)
 G - a wand of paralysis (26)
 N - a wand of roots (2)
 Y - a wand of light (6)
 Z - a wand of flame (10)
Scrolls
 h - 3 scrolls of poison
 F - a scroll of fog
 J - 4 scrolls of teleportation
 O - 7 scrolls of identify
 Q - 2 scrolls of immolation
Potions
 d - 6 potions of might
 g - 2 potions of ambrosia
 j - 2 potions of flight
 k - 4 potions of attraction
 l - 8 potions of lignification
 m - 2 potions of resistance
 n - 2 potions of cancellation
 p - a potion of invisibility
 r - 2 potions of berserk rage
 t - a potion of brilliance
 v - 4 potions of haste
 w - 5 potions of mutation
 z - 2 potions of magic
 A - 4 potions of heal wounds
 M - 4 potions of curing
Miscellaneous
 I - a phial of floods


   Skills:
 * Level 12.8 Fighting
 + Level 15.5 Polearms
 + Level 6.0 Throwing
 + Level 11.6 Armour
 + Level 10.1 Dodging
 - Level 10.3 Shields
 + Level 9.1 Invocations
 + Level 5.5 Evocations


You had 13 spell levels left.
You didn't know any spells.
Your spell library contained the following spells:

 Spells                   Type           Power      Damage    Failure   Level
 Freeze                   Ice            0%         1d3       100%        1
 Necrotise                Necr           0%         1d4       100%        1
 Sting                    Tmut/Pois      0%         1d3       100%        1
 Ensorcelled Hibernation  Hex/Ice        0%         N/A       100%        2
 Passwall                 Tmut/Erth      0%         N/A       100%        2
 Poisonous Vapours        Pois/Air       0%         N/A       100%        2
 Sublimation of Blood     Necr           0%         N/A       100%        2
 Frozen Ramparts          Ice            0%         1d1       100%        3
 Hailstorm                Conj/Ice       0%         3d3       100%        3
 Portal Projectile        Hex/Tloc       0%         N/A       100%        3
 Swiftness                Air            0%         N/A       100%        3
 Vampiric Draining        Necr           0%         2d6       100%        3
 Leda's Liquefaction      Hex/Erth       0%         N/A       100%        4
 Olgreb's Toxic Radiance  Pois           0%         N/A       100%        4
 Petrify                  Tmut/Erth      0%         N/A       100%        4
 Agony                    Necr           0%         N/A       100%        5
 Alistair's Intoxication  Tmut/Pois      0%         N/A       100%        5
 Borgnjor's Vile Clutch   Necr/Erth      0%         N/A       100%        5
 Fireball                 Conj/Fire      0%         3d3       100%        5
 Irradiate                Conj/Tmut      0%         3d11      100%        5
 Iskenderun's Battlesphe  Conj           0%         2d6       100%        5
 Conjure Ball Lightning   Conj/Air       0%         3x3d6     100%        6
 Eringya's Noxious Bog    Tmut/Pois      0%         N/A       100%        6
 Orb of Destruction       Conj           0%         9d5       100%        7
 Ozocubu's Refrigeration  Ice            0%         4d7       100%        7
 Polar Vortex             Ice            0%         N/A       100%        9
 Summon Small Mammal      Summ           Unusable   N/A       N/A         1
 Call Canine Familiar     Summ           Unusable   N/A       N/A         3
 Summon Guardian Golem    Hex/Summ       Unusable   N/A       N/A         3
 Simulacrum               Ice/Necr       Unusable   N/A       N/A         6

Dungeon Overview and Level Annotations

Branches:
Dungeon (13/15)            Temple (1/1) D:4            Lair (5/5) D:8
 Shoals (0/4) Lair:2        Snake (0/4) Lair:2        Slime (0/5) Lair:4
    Orc (2/2) D:9             Elf (0/3) Orc:2         IceCv (visited)
 Vaults: D:13-14

Altars:
Ashenzari
Cheibriados
Dithmenos
Elyvilon
Fedhas
Gozag
Hepliaklqana
Kikubaaqudgha
Makhleb
Nemelex Xobeh
Okawaru
Qazlal
Ru
Sif Muna
Trog
Uskayaw
Vehumet
Wu Jian
Xom
Yredelemnul
Zin
The Shining One

Shops:
D:7 (   D:11 :   Orc:2 (=!

Annotations:
Lair:1 exclusion: door
Orc:1 1 transporter


Innate Abilities, Weirdness & Mutations

You have a pair of horns on your head.
You reflexively headbutt those who attack you in melee.


Message History

The orc wizard shouts!
You headbutt the orc sorcerer, but do no damage.
The orc sorcerer is lightly wounded.
You feel very sick.
You hit the orc sorcerer but do no damage.
The orc sorcerer is lightly wounded.
You feel very sick. Something hits you but does no damage.
The orc sorcerer gestures at you while chanting.
The bolt of fire misses you. Something completely misses you.
Something hits you!
You are too injured to fight recklessly!
You are too injured to fight recklessly!
You are too injured to fight recklessly!
You are too injured to fight recklessly!
You are too injured to fight recklessly!
You are too injured to fight recklessly!
You barely miss the orc sorcerer. Your headbutt misses the orc sorcerer.
The orc sorcerer is lightly wounded.
You feel very sick. Something hits you but does no damage.
The orc sorcerer hits you but does no damage.
The orc wizard casts a spell at you. You block something's attack.
You hear a shout!
You closely miss the orc sorcerer. Your headbutt misses the orc sorcerer.
The orc sorcerer is lightly wounded.
You feel sick.
You hear a shout!
Something hits you but does no damage. You block the orc sorcerer's attack.
You block something's attack.
You hear some strange, mumbled words.
A bolt of magma appears from out of thin air!
The bolt of magma hits you! You partially resist.
* * * LOW HITPOINT WARNING * * *
Something hits you but does no damage.
You are more poisoned.
You feel very sick. The orc sorcerer casts a spell at you.
The bolt of negative energy hits you!!
You feel drained.
You die...

...≈≈≈#≈.)§.....#≈§
§§...#≈.)....###§#
§..8#§...####≈≈≈# #..≈
#...#≈....≈≈§§≈≈§ +..≈
#o..#≈....)§.....
+..≈##..8#≈..8..)§....
+.§≈##){.#≈...).).....
#..≈##.o.#§....§≈≈§≈§§
#..§≈@.{8#§...####≈§§#
##........#≈..)...###§#
##......≈≈≈#≈.)§§§...#≈≈
##......#####§.).§§≈..##≈
##......)#####§..#####.∩#§ #
#§.8....÷#).≈≈≈...≈≈≈..##§ #
######≈.#.....')............#≈§
###...##≈≈#_...)#[8.........###≈≈
#.##..###≈###8..+...§≈≈≈.8###≈§≈§


You could see an orc sorcerer and an orc wizard.

Vanquished Creatures
  A reaper (IceCv)
  Josephine (D:10)
  A fire dragon (Lair:5)
  5 hydras
  A catoblepas (Lair:3)
  Erolcha (D:11)
  A centaur warrior (D:13)
  An ogre mage (Orc:2)
  A death yak (Lair:4)
  A two-headed ogre (D:10)
  Nergalle (D:11)
  Sonja (D:11)
  3 skysharks
  A lindwurm (Lair:5)
  2 ugly things
  An orc knight (D:9)
  A manticore (Lair:2)
  5 orc sorcerers (Orc:2)
  2 cyclopes
  9 elephants
  6 black mambas
  2 ice statues (IceCv)
  2 torpor snails
  2 molten gargoyles (Lair:5)
  3 gargoyles
  4 cane toads
  4 rime drakes
  Psyche (D:10)
  An efreet (D:10)
  7 ice devils (IceCv)
  13 komodo dragons
  An anaconda simulacrum (IceCv)
  4 trolls
  A polar bear (Lair:3)
  11 blink frogs
  A wind drake (Lair:2)
  9 wyverns
  6 wraiths
  A dire elephant simulacrum (IceCv)
  3 shadows (D:10)
  5 basilisks
  2 vampires (D:12)
  A human (Orc:2)
  39 yaks
  2 steam dragons
  A death yak simulacrum (IceCv)
  3 wargs
  2 acid dragons (D:10)
  3 nagas (Lair:2)
  18 water moccasins
  A hydra simulacrum (IceCv)
  4 hell hounds (Lair:5)
  19 orc warriors
  A sky beast (D:8)
  7 ogres
  3 wolves (Lair:5)
  A centaur (D:10)
  2 phantoms
  2 kobold brigands
  8 bullfrogs
  2 scorpions
  3 two-headed ogre simulacra (IceCv)
  A cane toad simulacrum (IceCv)
  7 wights
  An elephant simulacrum (IceCv)
  13 killer bees
  9 howler monkeys
  5 lava snakes (Lair:5)
  5 hounds
  A jelly (D:4)
  15 orc priests
  3 iguanas
  A gnoll bouda (D:10)
  3 sleepcaps
  25 orc wizards
  2 polar bear simulacra (IceCv)
  3 troll simulacra (IceCv)
  2 spriggan simulacra (IceCv)
  2 wolf simulacra (IceCv)
  3 naga simulacra (IceCv)
  7 adders
  4 white imps
  2 ufetubi
  A dart slug (D:2)
  82 orcs
  5 endoplasms
  2 giant cockroaches (D:2)
  9 goblins
  3 hobgoblins
  2 jackals (D:3)
  A quokka (D:1)
  9 ball pythons
  5 bats
  4 frilled lizards
  26 kobolds
  7 rats
  A butterfly (D:4)
522 creatures vanquished.

Vanquished Creatures (others)
  An orc wizard (Orc:2)
  An orc (D:8)
  5 demonic plants (D:1)
  13 fungi
  23 plants
  2 withered plants (D:1)
45 creatures vanquished.

Grand Total: 567 creatures vanquished

Notes
Turn   | Place    | Note
-------+----------+-------------------------------------------
     0 | D:1      | raph the Minotaur Fighter began the quest for the Orb.
     0 | D:1      | Reached XP level 1. HP: 19/19 MP: 0/0
    13 | D:1      | Noticed a merfolk zombie
    48 | D:1      | Reached skill level 3 in Polearms
   109 | D:1      | Reached XP level 2. HP: 26/26 MP: 1/1
   354 | D:1      | Found a faded altar of an unknown god.
   748 | D:2      | Reached skill level 4 in Polearms
   951 | D:2      | Reached XP level 3. HP: 31/31 MP: 2/2
  1530 | D:3      | Reached skill level 5 in Polearms
  1698 | D:3      | Reached XP level 4. HP: 39/39 MP: 3/3
  1700 | D:3      | Found an ornate altar of the Wu Jian Council.
  1860 | D:3      | Reached skill level 6 in Polearms
  2018 | D:3      | Identified a scroll of acquirement
  2018 | D:3      | Acquired a +1 demon trident of freezing
  2033 | D:3      | Reached XP level 5. HP: 32/45 MP: 4/4
  2338 | D:4      | Found a staircase to the Ecumenical Temple.
  2343 | Temple   | Entered the Ecumenical Temple
  2357 | Temple   | Became a worshipper of Warmaster Okawaru
  2376 | D:4      | Reached skill level 7 in Polearms
  2447 | D:4      | Reached XP level 6. HP: 51/51 MP: 5/5
  2623 | D:4      | Reached skill level 8 in Polearms
  3024 | D:5      | Entered Level 5 of the Dungeon
  3064 | D:5      | Reached * piety under Okawaru
  3067 | D:5      | Reached skill level 9 in Polearms
  3069 | D:5      | Reached XP level 7. HP: 42/57 MP: 6/6
  3886 | D:6      | Reached skill level 10 in Polearms
  4106 | D:6      | Found an opulent altar of Gozag.
  4203 | D:6      | Reached ** piety under Okawaru
  4204 | D:6      | Reached skill level 11 in Polearms
  4476 | D:7      | Reached XP level 8. HP: 30/64 MP: 7/7
  4810 | D:7      | Reached skill level 12 in Polearms
  4899 | D:7      | Found Ruemun's Weapon Shop.
  5563 | D:7      | Reached skill level 13 in Polearms
  5679 | D:8      | Reached *** piety under Okawaru
  5922 | D:7      | Reached skill level 14 in Polearms
  5922 | D:7      | Reached XP level 9. HP: 42/71 MP: 5/8
  6089 | D:8      | Reached skill level 1 in Dodging
  6274 | D:8      | Found a staircase to the Lair.
  6506 | D:8      | Found a burning altar of Makhleb.
  6510 | D:8      | Found a snail-covered altar of Cheibriados.
  6764 | Lair:1   | Entered Level 1 of the Lair of Beasts
  6870 | Lair:1   | Noticed a komodo dragon
  6880 | Lair:1   | Killed a komodo dragon
  6881 | Lair:1   | Reached skill level 1 in Invocations
  7014 | Lair:1   | Noticed a rime drake
  7014 | Lair:1   | Noticed a torpor snail
  7016 | Lair:1   | Noticed a rime drake
  7024 | Lair:1   | Found the +4 skin of Zhor {*Englaciate rC+++ SInv}
  7028 | Lair:1   | Noticed a komodo dragon
  7037 | Lair:1   | Killed a komodo dragon
  7037 | Lair:1   | Reached **** piety under Okawaru
  7038 | Lair:1   | Reached skill level 5 in Fighting
  7038 | Lair:1   | Reached skill level 5 in Armour
  7038 | Lair:1   | Reached skill level 5 in Shields
  7189 | Lair:1   | Reached XP level 10. HP: 50/83 MP: 8/11
  7470 | Lair:1   | You fall into a shaft and drop 1 floor!
  7480 | Lair:2   | Noticed a torpor snail
  7515 | Lair:2   | Killed a torpor snail
  7671 | Lair:2   | Found a staircase to the Snake Pit.
  7676 | Lair:2   | Reached skill level 5 in Dodging
  7693 | Lair:2   | Reached ***** piety under Okawaru
  7840 | Lair:2   | Noticed a seven-headed hydra
  7847 | Lair:2   | Killed a seven-headed hydra
  7957 | Lair:2   | Found a staircase to the Shoals.
  7957 | Lair:2   | Noticed a manticore
  7958 | Lair:2   | Noticed a cane toad
  7972 | Lair:2   | Reached skill level 5 in Invocations
  7975 | Lair:2   | Killed a manticore
  7975 | Lair:2   | Identified the +1 ring mail of Dishonesty {Drain Str+3}
                  | (Okawaru gifted it to you on level 2 of the Lair of Beasts)
  7975 | Lair:2   | Received a gift from Okawaru
  7976 | Lair:2   | Reached XP level 11. HP: 48/93 MP: 13/13
  9639 | Lair:3   | Noticed a six-headed hydra
  9651 | Lair:3   | Killed a six-headed hydra
  9726 | Lair:3   | Noticed a catoblepas
  9749 | Lair:3   | Killed a catoblepas
 10404 | Lair:3   | Noticed a skyshark
 10413 | Lair:3   | Killed a skyshark
 10618 | Lair:3   | Noticed a skyshark
 10632 | Lair:3   | Killed a skyshark
 10633 | Lair:3   | Reached skill level 1 in Throwing
 10633 | Lair:3   | Reached skill level 1 in Evocations
 10647 | Lair:3   | Reached XP level 12. HP: 34/104 MP: 16/16
 10945 | Lair:4   | Noticed a death yak
 10971 | Lair:4   | Killed a death yak
 11070 | Lair:4   | Identified the +2 cloak of Uzexysel {*Slow rF+++ rN++}
                  | (Okawaru gifted it to you on level 4 of the Lair of Beasts)
 11070 | Lair:4   | Received a gift from Okawaru
 11232 | Lair:4   | Found a staircase to the Slime Pits.
 11666 | Lair:5   | Entered Level 5 of the Lair of Beasts
 11682 | Lair:5   | Noticed a seven-headed hydra
 11691 | Lair:5   | Killed a seven-headed hydra
 11715 | Lair:5   | Noticed an eight-headed hydra
 11731 | Lair:5   | Killed an eight-headed hydra
 11864 | Lair:5   | Noticed a four-headed hydra
 11881 | Lair:5   | Killed a four-headed hydra
 12081 | Lair:5   | Reached skill level 10 in Armour
 12082 | Lair:5   | Reached skill level 10 in Shields
 12279 | Lair:5   | Reached skill level 10 in Fighting
 12384 | Lair:5   | Identified the +1 robe "Museam" {*Slow Fly rElec Stlth+}
 12779 | Lair:5   | Reached ****** piety under Okawaru
 12779 | Lair:5   | Identified the +1 buckler of the Beekeeper {rC+} (Okawaru
                  | gifted it to you on level 5 of the Lair of Beasts)
 12779 | Lair:5   | Received a gift from Okawaru
 13054 | Lair:5   | Reached XP level 13. HP: 69/113 MP: 17/17
 13222 | Lair:5   | Found a large runed translucent door.
 13462 | Lair:5   | Found a large runed translucent door.
 13528 | Lair:5   | Noticed a fire dragon
 13539 | Lair:5   | Killed a fire dragon
 14188 | D:9      | Found a staircase to the Orcish Mines.
 14585 | D:9      | Found a white marble altar of Elyvilon.
 14882 | D:10     | Entered Level 10 of the Dungeon
 14950 | D:10     | Found a hazy altar of Hepliaklqana.
 14973 | D:10     | Found a shadowy altar of Dithmenos.
 15046 | D:10     | Reached skill level 15 in Polearms
 15301 | D:10     | Noticed Psyche
 15314 | D:10     | Killed Psyche
 15855 | D:10     | Noticed Josephine
 15865 | D:10     | Killed Josephine
 15866 | D:10     | Reached skill level 5 in Throwing
 16210 | D:11     | Received a gift from Okawaru
 16538 | D:11     | Identified the +0 ring mail "Guynn" {Rampage rF++ Will-
                  | Int+3}
 16778 | D:11     | Found Yhoroz's Book Shoppe.
 16803 | D:11     | Received a gift from Okawaru
 16822 | D:11     | Noticed Sonja
 16824 | D:11     | Noticed Erolcha
 16824 | D:11     | Noticed Nergalle
 16842 | D:11     | Killed Erolcha
 16851 | D:11     | Killed Nergalle
 16854 | D:11     | Killed Sonja
 17233 | D:11     | Found a hazy altar of Hepliaklqana.
 17479 | D:12     | Found a frozen archway.
 17488 | IceCv    | Entered an ice cave
 17907 | IceCv    | Reached skill level 5 in Evocations
 17972 | IceCv    | Reached XP level 14. HP: 126/126 MP: 19/19
 18340 | IceCv    | Noticed a reaper
 18356 | IceCv    | Killed a reaper
 19291 | Orc:1    | Entered Level 1 of the Orcish Mines
 19518 | D:9      | Reached skill level 10 in Dodging
 19819 | Orc:1    | Found a transporter.
 19987 | Orc:1    | Noticed a stone giant
 20084 | Orc:2    | Entered Level 2 of the Orcish Mines
 20200 | Orc:2    | Found a staircase to the Elven Halls.
 20215 | Orc:2    | Found a gateway to a bazaar.
 20239 | Bazaar   | Entered a bazaar
 20243 | Bazaar   | Found Veit's Assorted Antiques.
 20266 | Bazaar   | Found Yjicef's Antique Weapon Shoppe.
 20286 | Bazaar   | Found Baicint's Book Boutique.
 20307 | Bazaar   | Found Caujucwu's Antique Armour Emporium.
 20332 | Bazaar   | Bought a scroll of teleportation for 72 gold pieces
 20332 | Bazaar   | Bought a potion of curing for 72 gold pieces
 20332 | Bazaar   | Bought a bone ring for 120 gold pieces
 20332 | Bazaar   | Bought a glass wand for 96 gold pieces
 20332 | Bazaar   | Bought a short brass wand for 96 gold pieces
 20349 | Orc:2    | Found Hilitwol's Weapon Shop.
 20506 | Orc:2    | Received a gift from Okawaru
 20852 | Orc:2    | Found Meosouxe's Distillery.
 20877 | Orc:2    | Found Bauwet's Jewellery Shop.
 20913 | Orc:2    | Bought a potion of heal wounds for 75 gold pieces
 20913 | Orc:2    | Bought a potion of invisibility for 120 gold pieces
 20926 | Orc:2    | Found an ancient bone altar of Kikubaaqudgha.
 20929 | Orc:2    | Paralysed by an orc sorcerer for 5 turns
 21260 | Orc:2    | Killed from afar by an orc sorcerer

Illustrated notes

Levels and vault maps discovered:
D:1:      shiori_arrival_whats_in_store_for_you, layout_rooms,
          shapermc_ecumenical_altar_gd, minmay_tetromino_t4
D:2:      layout_loops_ring
D:3:      layout_rooms, mainiacjoe_overflow_brackets,
          chequers_serial_rivers_micro_a, minmay_misc_feat_pillars,
          hangedman_decor_points
D:4:      layout_loops_ring, minmay_temple_entry_butterflies,
          kennysheep_generic_room_14
D:5:      layout_cave_pools
D:6:      layout_rooms, nicolae_gozag_seed_capital
D:7:      layout_layer_cave, serial_shops, nicolae_shop_crystal
D:8:      layout_cave_pools, grunt_temple_overflow_open, dpeg_oklobed_lair
D:9:      layout_basic, mainiacjoe_overflow_boulevard, david_orc_3,
          abandoned_shop, hellmonk_bongcloud_opening
D:10:     nzn_winding_woodlands_small [nzn_winding_woodlands_5x15_longhouse,
          nzn_winding_woodlands_center_lodge,
          nzn_winding_woodlands_5x15_pathside_ponds], layout_loops_ring,
          mainiacjoe_overflow_cross_hatched, lemuel_doored_altar, serial_glass,
          glass_columns_a, glass_columns_a, glass_columns_c, glass_columns_a,
          glass_columns_a, glass_columns_c, glass_columns_a, glass_columns_a,
          glass_columns_a, glass_columns_b, glass_columns_a, glass_columns_b,
          glass_columns_a, glass_columns_a, uniq_josephine, uniq_psyche
D:11:     layout_loops_corners, serial_shops, shop, nzn_hepliaklqana_mist_gate,
          uniq_sonja, uniq_nergalle, uniq_erolcha
D:12:     layout_gridville, portal_ice_cave_entry_pillars_1
D:13:     layout_loops_corners, david_vaults_1
Temple:   minmay_freezing_vapour_temple
Lair:1:   layout_hall_layers, hellmonk_guarded_unrand_zhor
Lair:2:   layout_gridlike, minmay_shoals_entry_beasts,
          guppyfry_snake_entry_garden
Lair:3:   layout_cave_shapes, chequers_serial_rivers_micro_d, grunt_megastairs_1
Lair:4:   layout_loops_ring, slime_entry_1, beast_lair_carwin_4
Lair:5:   cheibrodos_lair_end_hotspot, layout_cave_shapes
Orc:1:    emtedronai_trogs_sanctum, layout_caves
Orc:2:    kennysheep_orc_mage_school, layout_caves, serial_shops,
          bzr_entry_customers, nicolae_shop_bloodbath_and_beyond

Skill      XL: |  1  2  3  4  5  6  7  8  9 10 11 12 13 14 |
---------------+-------------------------------------------+-----
Polearms       | 3 4 5 6 7 9 11 14 15 | 15.5
Dodging        | 3 6 7 8 9 10 | 10.1
Fighting       | 5 7 9 10 12 | 12.8
Armour         | 5 7 9 10 11 | 11.6
Shields        | 5 7 9 10 | 10.3
Invocations    | 3 5 6 7 8 9 |  9.1
Throwing       | 1 3 5 6 |  6.0
Evocations     | 1 3 5 |  5.5

Action                     |  1- 3 |  4- 6 |  7- 9 | 10-12 | 13-15 || total
---------------------------+-------+-------+-------+-------+-------++-------
  Melee: Trident           |   104 |    18 |       |       |       ||   122
         Headbutt          |    10 |    12 |    31 |   114 |   187 ||   354
         Demon trident     |       |    64 |   207 |   491 |   871 ||  1633
         Unarmed           |       |       |       |       |     9 ||     9
  Throw: Dart              |       |       |     3 |     4 |       ||     7
         Javelin           |       |       |     4 |     2 |       ||     6
         Boomerang         |       |       |       |    13 |    14 ||    27
 Invoke: Heroism           |       |       |     2 |     6 |    10 ||    18
         Finesse           |       |       |       |     2 |     4 ||     6
    Use: Scroll            |     8 |    10 |     8 |     3 |     4 ||    33
         Potion            |       |       |     3 |       |     1 ||     4
   Stab: Confused          |       |       |       |       |     1 ||     1
 Armour: Scale mail        |     4 |       |       |       |       ||     4
         Chain mail        |    30 |    27 |     9 |       |       ||    66
         Plate armour      |       |       |    95 |   183 |   160 ||   438
         Skin              |       |       |       |       |     1 ||     1
  Dodge: Dodged            |    23 |    14 |    43 |   132 |   139 ||   351
  Block: Buckler           |    19 |     2 |     3 |       |       ||    24
         Kite shield       |       |       |    60 |   205 |   310 ||   575
         Reflection        |       |       |       |       |     7 ||     7
